 Dungeon Crawl Stone Soup version 0.25.1-2-g60ff931df9 (webtiles) character file.

Game seed: 16476233611154249957

6997 Delamore the Basher (level 11, 0/64 HPs)
             Began as a Gargoyle Fighter on Aug 30, 2020.
             Was an Elder of Okawaru.
             Slain by a komodo dragon (13 damage)
             ... on level 1 of the Lair of Beasts.
             The game lasted 00:09:50 (9862 turns).

Delamore the Basher (Gargoyle Fighter)              Turns: 9862, Time: 00:09:50

Health: 0/64       AC: 18    Str: 24    XL:     11   Next: 8%
Magic:  13/14      EV: 12    Int:  8    God:    Okawaru [****..]
Gold:   595        SH: 12    Dex:  9    Spells: 10/10 levels left

rFire    . . .     SeeInvis .   e - +0 whip (freeze)
rCold    . . .     Gourm    .   c - +0 kite shield
rNeg     + . .     Faith    .   D - +0 acid dragon scales
rPois    ∞         Spirit   .   (no helmet)
rElec    +         Reflect  .   o - scarf {+Inv}
rCorr    +         Harm     .   (no gloves)
MR       .....                  i - +0 pair of boots
Stlth    ++........             (no amulet)
HPRegen  0.20/turn              (no ring)
MPRegen  0.14/turn              (no ring)

@: heroism
A: negative energy resistance 1, electricity resistance, unbreathing,
petrification resistance, rot immunity, AC +8
a: Heroism, Renounce Religion, Evoke Invisibility


You were on level 1 of the Lair of Beasts.
You worshipped Okawaru.
Okawaru was greatly pleased with you.
You were hungry.

You visited 3 branches of the dungeon, and saw 10 of its levels.

You collected 595 gold pieces.

Inventory:

Hand Weapons
 a - a +0 flail
 e - a +0 whip of freezing (weapon)
Missiles
 g - 7 javelins (quivered)
 h - a throwing net
Armour
 c - a +0 kite shield (worn)
 i - a +0 pair of boots (worn)
 o - a scarf of invisibility (worn)
 D - +0 acid dragon scales (worn)
Wands
 z - a wand of digging (3)
 C - a wand of polymorph (4)
Scrolls
 b - 2 scrolls of magic mapping
 k - 3 scrolls of fear
 l - 3 scrolls of fog
 n - 12 scrolls of teleportation
 p - 7 scrolls of remove curse
 r - 3 scrolls of amnesia
 s - a scroll of immolation {unknown}
 v - 2 scrolls of enchant weapon {unknown}
 y - a scroll of blinking
 E - a scroll of enchant armour {unknown}
 I - a scroll of identify
Potions
 d - 2 potions of might
 j - 4 potions of curing {unknown}
 m - 2 potions of heal wounds
 q - a potion of degeneration {unknown}
 t - 2 potions of brilliance {unknown}
 u - 4 potions of flight {unknown}
 w - a potion of magic {unknown}
 x - a potion of cancellation {unknown}
 A - a potion of stabbing {unknown}
 B - a potion of berserk rage {unknown}
 G - 2 potions of mutation {unknown}
 H - a potion of invisibility {unknown}
Comestibles
 f - 27 rations
 F - a chunk of flesh


   Skills:
 + Level 5.3(10.3) Fighting
 - Level 14.0(19.0) Maces & Flails
 - Level 5.0(10.0) Armour
 + Level 5.5(10.5) Shields
 - Level 5.0 Invocations
 * Level 1.5 Evocations


You had 10 spell levels left.
You didn't know any spells.
Your spell library contained the following spells:

 Spells                   Type           Power        Failure   Level  Hunger
 Beastly Appendage        Tmut           #.....       67%         1    ##.....
 Sticks to Snakes         Tmut           #.......     80%         2    ###....
 Spider Form              Tmut/Pois      #.........   95%         3    ####...
 Ice Form                 Ice/Tmut       #.......     100%        4    #####..
 Blade Hands              Tmut           #.........   100%        5    ######.


Dungeon Overview and Level Annotations

Branches:
Dungeon (8/15)             Temple (1/1) D:5            Lair (1/6) D:8

Altars:
Ashenzari
Cheibriados
Dithmenos
Fedhas
Gozag
Hepliaklqana
Kikubaaqudgha
Makhleb
Nemelex Xobeh
Okawaru
Qazlal
Ru
Sif Muna
Trog
Uskayaw
Vehumet
Wu Jian
Xom
Zin
The Shining One

Annotations:
Lair:1 3 runed translucent doors, Kuidesed's ghost, journeyman DrCj
Abyss:1 Edmund, Ijyb


Innate Abilities, Weirdness & Mutations

You are resistant to torment.
Your stone body is resilient. (AC +8)
You are immune to poison.
You resist negative energy. (rN+)
You are resistant to electric shocks. (rElec)
You can survive without breathing.
You are immune to petrification.
You are immune to rotting.


Message History

You hit the yak. You freeze the yak.
The yak is severely wounded.
The komodo dragon bites you.
* * * LOW HITPOINT WARNING * * *
The yak barely misses you.
You whack the yak! You freeze the yak.
You kill the yak!
Okawaru accepts your kill. You block the komodo dragon's attack.
You hit the komodo dragon.
The komodo dragon seems to slow down.
You freeze the komodo dragon.
The komodo dragon is lightly wounded.
Your shield prevents you from hitting the komodo dragon.
The komodo dragon is lightly wounded.
You hit the komodo dragon but do no damage.
The komodo dragon is lightly wounded.
You hit the komodo dragon. You freeze the komodo dragon.
The komodo dragon is lightly wounded.
The komodo dragon bites you!
You die...

#..... ...# ..... ...##
.# ....#...P ...
....... #.. .....
#...#.Y. ... #....YY#
#....##. ####l#
........ #..†@#
.......#######...#
....##......##...#
#.......#.#..##P.#
##.#.........##..#
##.##...>.P...#..####≈♣
...#...##............≈≈
.......###.P.P.......≈P
...(....####..÷......≈P


You could see a komodo dragon (slow) and 3 yaks.

Vanquished Creatures
  Maggie (D:6)
  A spiny frog (Lair:1)
  Grinder (D:6)
  5 hippogriffs
  Sigmund (D:6)
  11 yaks
  A basilisk (Lair:1)
  4 water moccasins
  2 porcupines (Lair:1)
  4 black bears
  An orc warrior (D:7)
  An ice beast (D:5)
  A sky beast (D:5)
  A centaur (D:8)
  2 ogres
  2 big kobolds (D:7)
  3 crocodiles (Lair:1)
  A bullfrog (D:7)
  2 scorpions
  2 wights (D:6)
  2 howler monkeys (D:8)
  3 crimson imps (D:7)
  A quasit (D:8)
  2 jellies
  3 orc priests
  A hound (D:4)
  3 orc wizards
  Jessica (D:3)
  An iguana (D:6)
  4 worker ants
  A hound skeleton (D:4)
  A howler monkey zombie (D:5)
  13 adders
  2 oozes
  A worm (D:4)
  7 leopard geckos
  20 orcs
  11 bats
  10 giant cockroaches
  6 goblins
  11 hobgoblins
  10 jackals
  17 kobolds
  A quokka (D:7)
  A ball python (D:3)
  4 frilled lizards
  A jackal skeleton (D:4)
  A leopard gecko zombie (D:5)
  A quokka zombie (D:5)
  11 rats
198 creatures vanquished.

Vanquished Creatures (others)
  A spriggan (D:7)
  An orc warrior (D:6)
  A phantom (D:4)
  A big kobold (D:7)
  2 scorpions (D:5)
  3 wights (D:6)
  A jelly (D:5)
  A hound (D:5)
  An orc wizard (D:4)
  2 worker ants
  An adder (D:6)
  A leopard gecko (D:5)
  2 orcs
  3 jackals (D:5)
  A plant (Lair:1)
22 creatures vanquished.

Grand Total: 220 creatures vanquished

Notes
Turn   | Place    | Note
-------+----------+-------------------------------------------
     0 | D:1      | Delamore the Gargoyle Fighter began the quest for the Orb.
     0 | D:1      | Reached XP level 1. HP: 14/14 MP: 1/1
   267 | D:1      | Reached XP level 2. HP: 18/19 MP: 2/2
   730 | D:1      | Reached XP level 3. HP: 23/23 MP: 3/3
  1514 | D:2      | Reached XP level 4. HP: 16/29 MP: 4/4
  1899 | D:2      | Reached skill level 3 in Maces & Flails
  1900 | D:2      | Found a shattered altar of Ashenzari.
  2314 | D:3      | Reached XP level 5. HP: 33/33 MP: 5/5
  2574 | D:3      | Noticed Ijyb
  2608 | D:3      | Banished Ijyb
  2750 | D:3      | Noticed Jessica
  2781 | D:3      | Killed Jessica
  3153 | D:4      | Reached skill level 4 in Maces & Flails
  3153 | D:4      | Reached XP level 6. HP: 38/38 MP: 6/6
  3380 | D:4      | Found a shimmering altar of Xom.
  3382 | D:4      | Reached skill level 5 in Shields
  3382 | D:4      | Noticed an angel
  3415 | D:4      | Found a glowing silver altar of Zin.
  3547 | D:4      | Reached skill level 5 in Maces & Flails
  3565 | D:4      | Found an opulent altar of Gozag.
  3578 | D:4      | Reached XP level 7. HP: 44/44 MP: 7/7
  3689 | D:4      | Found a sacrificial altar of Ru.
  3972 | D:5      | Entered Level 5 of the Dungeon
  4119 | D:5      | Found a shimmering blue altar of Sif Muna.
  4215 | D:5      | Found a staircase to the Ecumenical Temple.
  4234 | D:5      | Noticed Edmund
  4242 | D:5      | Banished Edmund
  4242 | D:5      | Reached skill level 6 in Maces & Flails
  4264 | Temple   | Entered the Ecumenical Temple
  4474 | Temple   | Became a worshipper of Warmaster Okawaru
  4621 | D:5      | Reached skill level 5 in Fighting
  4707 | D:5      | Reached skill level 5 in Armour
  4719 | D:5      | Reached XP level 8. HP: 49/49 MP: 8/8
  4793 | D:5      | Found a shimmering altar of Xom.
  4918 | D:5      | Reached skill level 7 in Maces & Flails
  5146 | D:6      | Noticed Grinder
  5168 | D:6      | Paralysed by Grinder for 2 turns
  5172 | D:6      | Killed Grinder
  5172 | D:6      | Reached skill level 8 in Maces & Flails
  5246 | D:6      | Noticed Sigmund
  5294 | D:6      | Killed Sigmund
  5294 | D:6      | Reached * piety under Okawaru
  5462 | D:6      | Noticed Maggie
  5676 | D:6      | Killed Maggie
  5676 | D:6      | Reached skill level 9 in Maces & Flails
  5676 | D:6      | Reached XP level 9. HP: 3/54 MP: 9/9
  6034 | D:6      | Reached skill level 10 in Maces & Flails
  6651 | D:7      | Reached skill level 11 in Maces & Flails
  6667 | D:7      | Reached ** piety under Okawaru
  6921 | D:7      | Found a shadowy altar of Dithmenos.
  6963 | D:7      | Found a shadowy altar of Dithmenos.
  6966 | D:7      | Found a hazy altar of Hepliaklqana.
  7438 | D:7      | HP: 2/54 [orc warrior/+0 dire flail (16)]
  7450 | D:7      | Reached skill level 12 in Maces & Flails
  8044 | D:8      | Reached XP level 10. HP: 59/59 MP: 10/10
  8211 | D:8      | Found a staircase to the Lair.
  8228 | D:8      | Found a sparkling altar of Nemelex Xobeh.
  8290 | D:8      | Found a glowing golden altar of the Shining One.
  8452 | Lair:1   | Entered Level 1 of the Lair of Beasts
  8535 | D:8      | Reached *** piety under Okawaru
  8561 | D:8      | Reached skill level 13 in Maces & Flails
  8764 | Lair:1   | Noticed a spiny frog
  8792 | Lair:1   | Killed a spiny frog
  9152 | Lair:1   | Reached **** piety under Okawaru
  9278 | Lair:1   | Noticed a five-headed hydra
  9279 | Lair:1   | Noticed Kuidesed's ghost (journeyman DrCj)
  9284 | Lair:1   | Noticed a spiny frog
  9375 | Lair:1   | Found a runed translucent gate.
  9375 | Lair:1   | Found a runed translucent gate.
  9375 | Lair:1   | Found a runed translucent gate.
  9405 | Lair:1   | Reached skill level 14 in Maces & Flails
  9426 | Lair:1   | Reached skill level 1 in Invocations
  9820 | Lair:1   | Reached skill level 5 in Invocations
  9820 | Lair:1   | Reached XP level 11. HP: 52/63 MP: 14/14
  9845 | Lair:1   | Reached skill level 1 in Evocations
  9862 | Lair:1   | Slain by a komodo dragon

Illustrated notes

Levels and vault maps discovered:
D:1:      giann_bridges, layout_basic
D:2:      layout_basic, ashenzari_altar_1, roderic_roman_lattice
D:3:      layout_loops_ring, grunt_decor_resistance, uniq_jessica, uniq_ijyb
D:4:      layout_loops_ring, grunt_temple_overflow_order_and_chaos_1,
          kennysheep_mini_moat, nicolae_gozag_cash_rules_everything_around_me,
          dk_vineyard_2, glass_columns_a
D:5:      layout_gridville, nicolae_overflow_hidden_temple,
          minmay_temple_entry_gardened_gates, first_ration, xom_confusion_cloud,
          uniq_edmund
D:6:      layout_rooms, uniq_sigmund, uniq_grinder, uniq_maggie
D:7:      layout_basic, riverfiend_overflow_shadow_ancestor, basic_altar,
          the_bakery
D:8:      layout_loops_cross, nemelex_xobeh_ov_fountains_minmay,
          lair_entry_dummy, tso_altar
Temple:   jpeg_temple_alley_garden
Lair:1:   beast_lair_carwin_large_3, layout_misc_corridors,
          gammafunk_ghost_split, lemuel_fruit_tree, serial_bayou_shore_b

Skill      XL: |  1  2  3  4  5  6  7  8  9 10 11 |
---------------+----------------------------------+-----
Shields        | 4 5 |  5.5
Maces & Flails | 3 4 5 6 9 12 14 | 14.0
Fighting       | 4 5 |  5.3
Armour         | 4 5 |  5.0
Invocations    | 5 |  5.0
Evocations     | 1 |  1.5

Action                   |  1- 3 |  4- 6 |  7- 9 | 10-12 || total
-------------------------+-------+-------+-------+-------++-------
Melee: Flail             |   176 |    91 |     2 |       ||   269
       Whip              |       |   178 |   453 |   353 ||   984
       Unarmed           |       |    26 |       |       ||    26
Invok: Heroism           |       |       |       |     1 ||     1
  Use: Scroll            |       |       |     9 |       ||     9
       Potion            |       |       |     2 |       ||     2
  Eat: Chunk             |     2 |     8 |    10 |     6 ||    26
       Ration            |       |       |     1 |       ||     1
Armor: Scale mail        |    42 |       |       |       ||    42
       Chain mail        |   110 |   182 |    59 |       ||   351
       Acid dragon scale |       |       |    97 |   117 ||   214
Dodge: Dodged            |    63 |    78 |   101 |    86 ||   328
Block: Kite shield       |   108 |   157 |   159 |   125 ||   549
